 Dungeon Crawl Stone Soup version 0.20-a0-151-g755e310 (webtiles) character file.

778674 Herrn the Slayer (level 27, -3/423 HPs)
             Began as a Naga Fire Elementalist on Nov 21, 2016.
             Was the Champion of Zin.
             Killed from afar by an acid blob (7 damage)
             ... with a splash of acid
             ... created by the Royal Jelly
             ... on level 5 of the Pits of Slime on Nov 22, 2016.
             The game lasted 06:11:25 (99474 turns).

Herrn the Slayer (Naga Fire Elementalist)          Turns: 99474, Time: 06:11:26

Health: -3/423     AC: 21    Str: 34    XL:     27
Magic:  62/62      EV: 20    Int: 37    God:    Zin [******]
Gold:   1325       SH: 22    Dex: 29    Spells: 23/54 levels left

rFire  + . .     SeeInvis +     m - +10 broad axe "Grim" {freeze, *Contam Str+7 Stlth+}
rCold  + + +     Gourm    .     R - +1 ice dragon scales
rNeg   + + +     Faith    .     h - +5 shield {reflect}
rPois  ∞         Spirit   .     X - +1 hat "Jinob" {rF++ rCorr Dex+2 SInv}
rElec  .         Reflect  +     B - +2 cloak {MR+}
rCorr  +         Harm     .     o - +0 pair of gloves of Pragmatism {+Inv rC- Int+10}
MR     +++++                    a - +2 naga barding of Teprut {+Fly rN+ Int+3 Dex+3}
Stlth  ..........               k - amulet "Oddidyh" {rN++ MR+ Regen+ Int-2 Dex+3}
                                v - ring "Amaasi" {+Fly rC+++ MP+9 Int-4 Stlth+}
                                P - ring of Xom's Whimsicality {rCorr +Inv Str+3}

@: berserking (expiring), vitalised, corroded, very slightly contaminated,
hasted, studying Staves, quick
A: yellow scales 1, see invisible, agile 2, deformed body, high mp 3, poison
resistance, slowness 2, slow metabolism 1, spit poison 1, constrict 1, AC +9
}: 5/15 runes: decaying, silver, golden, abyssal, gossamer
a: Spit Poison, Recite, Vitalisation, Imprison, Sanctuary, Donate Gold, Cure All
Mutations, Renounce Religion, Evoke Invisibility, Evoke Flight


You were on level 5 of the Pits of Slime.
You worshipped Zin.
Zin was exalted by your worship.
You were full.

You visited 12 branches of the dungeon, and saw 56 of its levels.
You visited the Abyss 1 time.
You also visited: Ice Cave and Wizlab.

You collected 11194 gold pieces.
You spent 1816 gold pieces at shops.
You donated 900 gold pieces to Zin.
You paid 7153 gold pieces to Gozag.

Inventory:

Hand Weapons
 m - the +10 broad axe "Grim" (weapon) {freeze, *Contam Str+7 Stlth+}
   (Okawaru gifted it to you on level 4 of the Vaults)

   It has been specially enchanted to freeze those struck by it, causing extra
   injury to most foes and up to half again as much damage against particularly
   susceptible opponents.
   It can also slow down cold-blooded creatures.
   It affects your strength (+7).
   It causes magical contamination when unequipped.
   It makes you more stealthy.
 H - the +4 broad axe "Gupseurgh" {flame, MR+ Str+3 Int+4}
   (Okawaru gifted it to you on level 2 of the Tomb of the Ancients)

   It has been specially enchanted to burn those struck by it, causing extra
   injury to most foes and up to half again as much damage against particularly
   susceptible opponents.
   Big, fiery blades are also staple armaments of hydra-hunters.
   It affects your strength (+3).
   It affects your intelligence (+4).
   It affects your resistance to hostile enchantments.
 U - the +6 Majin-Bo {vamp, Archmagi MP+6 Int+6}
   (You found it in a wizard's laboratory)

   It inflicts no extra harm, but heals its wielder when it wounds a living foe.
   It affects your intelligence (+6).
   It affects your magic capacity (+6).
   Zin disapproves of the use of such an item.
Armour
 a - the +2 naga barding of Teprut (worn) {+Fly rN+ Int+3 Dex+3}
   (Okawaru gifted it to you on level 4 of the Vaults)

   It affects your intelligence (+3).
   It affects your dexterity (+3).
   It protects you from negative energy.
   It lets you fly.
 h - a +5 shield of reflection (worn)
 o - the +0 pair of gloves of Pragmatism (worn) {+Inv rC- Int+10}
   (Okawaru gifted it to you on level 3 of the Crypt)

   It affects your intelligence (+10).
   It makes you vulnerable to cold.
   It lets you turn invisible.
 B - a +2 cloak of magic resistance (worn)
 E - the +2 hat of the Bear Spirit {Spirit, +Rage rN+ MR++}
   (You bought it in a shop on level 4 of the Dungeon)

   It protects you from negative energy.
   It affects your resistance to hostile enchantments.
   It lets you go berserk.
 R - +1 ice dragon scales (worn)
 X - the +1 hat "Jinob" (worn) {rF++ rCorr Dex+2 SInv}
   (Okawaru gifted it to you on level 6 of the Lair of Beasts)

   It affects your dexterity (+2).
   It greatly protects you from fire.
   It lets you see invisible.
   It protects you from acid and corrosion.
Jewellery
 b - an uncursed ring of protection from fire
 k - the amulet "Oddidyh" (around neck) {rN++ MR+ Regen+ Int-2 Dex+3}
   (You acquired it on level 2 of the Tomb of the Ancients)

   [amulet of regeneration]

   It affects your intelligence (-2).
   It affects your dexterity (+3).
   It greatly protects you from negative energy.
   It affects your resistance to hostile enchantments.
   It increases your rate of regeneration.
 l - the ring of Shaolin {EV+8}
   (You took it off an ogre mage on level 1 of the Vaults)

   [ring of evasion]

   It affects your evasion (+8).
 v - the ring "Amaasi" (right hand) {+Fly rC+++ MP+9 Int-4 Stlth+}
   (You found it on level 3 of the Elven Halls)

   [ring of stealth]

   It affects your intelligence (-4).
   It renders you almost immune to cold.
   It affects your magic capacity (+9).
   It lets you fly.
   It makes you more stealthy.
 P - the ring of Xom's Whimsicality (left hand) {rCorr +Inv Str+3}
   (You found it on level 3 of the Tomb of the Ancients)

   [ring of resist corrosion]

   It affects your strength (+3).
   It lets you turn invisible.
Wands
 y - a wand of digging (7/24)
 I - a wand of disintegration (1/24)
 Q - a wand of hasting (1/9)
Scrolls
 d - 6 scrolls of torment
 n - 6 scrolls of recharging
 p - 5 scrolls of immolation
 s - 11 scrolls of amnesia
 t - 2 scrolls of magic mapping
 w - 6 scrolls of enchant armour
 x - 3 scrolls of identify
 A - 13 scrolls of remove curse
 C - a scroll of enchant weapon
 S - 4 scrolls of holy word
Potions
 g - 5 potions of curing
 j - 3 potions of cure mutation
 q - 5 potions of cancellation
 z - 4 potions of invisibility
 G - 3 potions of magic
 M - 5 potions of resistance
 O - a potion of mutation
 Y - a potion of brilliance
Books
 e - a book of Burglary

   Spells                             Type                      Level
   a - Swiftness                      Charms/Air                   2
   b - Passwall                       Transmutation/Earth          2
   c - Passage of Golubria            Translocation                4
   d - Lee's Rapid Deconstruction     Earth                        5
   e - Darkness                       Hexes                        6
   f - Invisibility                   Hexes                        6
 r - a book of Unlife

   Spells                             Type                      Level
   a - Recall                         Summoning/Translocation      3
   b - Animate Dead                   Necromancy                   4
   c - Control Undead                 Necromancy                   4
   d - Cigotuvi's Embrace             Necromancy                   5
   e - Death Channel                  Necromancy                   6
   f - Simulacrum                     Ice/Necromancy               6
 u - a Necronomicon

   Spells                             Type                      Level
   a - Haunt                          Necromancy/Summoning         7
   b - Borgnjor's Revivification      Necromancy                   8
   c - Death's Door                   Charms/Necromancy            8
   d - Infestation                    Necromancy                   8
   e - Necromutation                  Transmutation/Necromancy     8
   Zin disapproves of the use of such an item.
 F - a book of the Earth

   Spells                             Type                      Level
   a - Leda's Liquefaction            Hexes/Earth                  4
   b - Bolt of Magma                  Conjuration/Fire/Earth       5
   c - Statue Form                    Transmutation/Earth          6
   d - Iron Shot                      Conjuration/Earth            6
   e - Shatter                        Earth                        9
 N - the Compendium of Combat Magic and Heat
   (You found it on level 5 of the Vaults)

   Spells                             Type                      Level
   a - Stone Arrow                    Conjuration/Earth            3
   b - Ignite Poison                  Fire/Transmutation/Poison    3
   c - Bolt of Draining               Conjuration/Necromancy       5
   d - Spellforged Servitor           Conjuration/Summoning        7
 V - Ute Iteu's Collected Works on Execration
   (You found it on level 5 of the Vaults)

   Spells                             Type                      Level
   a - Confusing Touch                Hexes                        1
   b - Ensorcelled Hibernation        Hexes/Ice                    2
   c - Summon Guardian Golem          Hexes/Summoning              3
   d - Cause Fear                     Hexes                        4
   e - Leda's Liquefaction            Hexes/Earth                  4
   f - Invisibility                   Hexes                        6
 W - a manual of Staves
Miscellaneous
 D - a figurine of a ziggurat
 K - a disc of storms
Comestibles
 c - 35 bread rations
 f - 8 meat rations
 J - 2 slices of pizza
 T - a beef jerky


   Skills:
 - Level 23.2 Fighting
 - Level 18.0 Axes
   Level 0.6(12.1) Maces & Flails
 - Level 14.0 Armour
 - Level 14.0 Dodging
 - Level 3.0 Stealth
 - Level 14.3 Shields
 - Level 14.0 Spellcasting
 - Level 12.0 Conjurations
 - Level 9.0 Necromancy
 - Level 14.0 Transmutations
 - Level 6.0 Fire Magic
 * Level 14.5 Air Magic
 * Level 18.1 Earth Magic
 * Level 14.7 Invocations


You had 23 spell levels left.
You knew the following spells:

 Your Spells              Type           Power        Failure   Level  Hunger
a - Flame Tongue          Conj/Fire      #####        1%          1    None
b - Sticky Flame          Conj/Fire      #######.     1%          4    None
c - Statue Form           Tmut/Erth      #######..    1%          6    ##.....
d - Lightning Bolt        Conj/Air       #######...   1%          5    None
e - Bolt of Draining      Conj/Necr      #######...   1%          5    None
f - Summon Butterflies    Summ           ####....     2%          1    None
g - Shatter               Erth           ########..   92%         9    #######


Dungeon Overview and Level Annotations

Branches:
Dungeon (15/15)            Temple (1/1) D:4            Lair (6/6) D:9
  Swamp (4/4) Lair:3       Spider (4/4) Lair:4        Slime (5/5) Lair:5
    Orc (2/2) D:12            Elf (3/3) Orc:2        Vaults (5/5) D:13
  Crypt (3/3) Vaults:2       Tomb (3/3) Crypt:3      Depths (5/5) D:15
    Zot (0/5) Depths:5

Altars:
Ashenzari
Cheibriados
Dithmenos
Elyvilon
Fedhas
Gozag
Hepliaklqana
Kikubaaqudgha
Makhleb
Nemelex Xobeh
Okawaru
Qazlal
Ru
Sif Muna
Trog
Uskayaw
Vehumet
Xom
Yredelemnul
Zin
The Shining One
Beogh
Jiyva

Shops:
D:4 [[*=   D:5 :   D:6 *=*=   D:7 (   D:8 (   D:11 *   Orc:2 :!([   Elf:1 (
Vaults:3 !   Vaults:4 %

Portals:
Hell: Depths:1 Depths:2 Depths:3 Depths:4
Abyss: Depths:2 Depths:4
Pandemonium: Depths:2 Depths:3 Depths:4
Ziggurat: Depths:3

Annotations:
Slime:5 Royal Jelly


Innate Abilities, Weirdness & Mutations

You cannot wear boots.
Your serpentine skin is tough. (AC +9)
You have supernaturally acute eyesight. (SInv)
Armour fits poorly on your strangely shaped body.
Your system is resistant to poisons. (rPois)
You cover ground very slowly.
You have a slow metabolism.
You can spit poison.
You can use your snake-like lower body to constrict enemies.
You are partially covered in yellow scales. (AC +2)
You are very agile. (Dex +4)
You have a greatly increased reservoir of magic. (+30% MP)


Message History

The azure jelly completely misses your slime creature.
The azure jelly hits your slime creature but does no damage.
The azure jelly hits your slime creature!
The Royal Jelly hits your great orb of eyes!!
Your great orb of eyes is splashed with acid.
The acid corrodes your great orb of eyes!
The Royal Jelly hits your great orb of eyes!!
Your great orb of eyes is splashed with acid.
The acid corrodes your great orb of eyes!
Your great orb of eyes dies!
Your slime creature barely misses the azure jelly.
Your slime creature hits the Royal Jelly.
Your slime creature is burned by acid!
The Royal Jelly shudders.
The Royal Jelly spits out another jelly.
Your slime creature hits the acid blob.
Your slime creature is burned by acid!
The acid blob spits acid at you. The splash of acid hits you! You resist.
You die...

##...................###
#.....................#
#..............J......##
#..............J......##
#...........JJJJ......#
.............JJJ.......#
.................JJJJ.###....#
...................J### .#..#
................@.#.# ##.##
.................#### #
.................##
..................##
...................#
...................#
....................#
....................#
...................##


You could see the Royal Jelly, 3 acid blobs, 3 azure jellies, 2 death oozes and
5 friendly slime creatures.

Vanquished Creatures
  A juggernaut (Depths:3)
  2 ancient liches
  33 greater mummies
  the Lernaean hydra (Swamp:4)
  2 caustic shrikes (Depths:3)
  A profane servitor (Crypt:3)
  4 golden dragons
  Arachne (Spider:4)
  5 bone dragons
  10 liches
  A Hellbinder (WizLab)
  Jorgrun (Spider:4)
  2 tentacled monstrosities
  5 deep elf blademasters
  A quicksilver dragon (Vaults:4)
  18 titans
  16 acid blobs
  3 deep elf master archers
  9 sphinxes
  Gastronok (Lair:1)
  10 tentacled starspawn
  Frances (Elf:1)
  A thorn hunter (Swamp:4)
  Kirke (Elf:1)
  6 tengu reavers
  An ancient champion (Crypt:1)
  6 storm dragons
  Roxanne (Swamp:1)
  9 azure jellies
  8 shadow dragons
  23 frost giants
  2 nagarajas (Vaults:4)
  4 revenants
  21 fire giants
  A draconian scorcher (Depths:5)
  3 cacodemons
  6 emperor scorpions
  5 ghost moths
  2 balrugs
  6 deep elf sorcerers
  6 deep elf elementalists
  20 ghouls
  22 vault wardens
  4 curse skulls
  24 very ugly things
  A reaper (Abyss:3)
  22 ironheart preservers
  8 entropy weavers
  A stone giant (shapeshifter) (Vaults:4)
  A draconian annihilator (Depths:5)
  A draconian caller (Depths:5)
  25 stone giants
  4 black draconians (Depths:5)
  6 deep elf demonologists
  12 deep elf annihilators
  6 bennus
  6 vampire knights
  A mottled draconian (Vaults:4)
  A lorocyproca (Abyss:3)
  2 purple draconians
  7 yellow draconians
  3 blizzard demons
  3 white draconians
  10 spark wasps
  The ghost of minotard the Severer, a journeyman MiBe of Trog (Lair:5)
  9 eidola
  Snorg (Lair:5)
  32 ettins
  2 death oozes
  12 deep elf death magi
  35 mummy priests
  23 yaktaur captains
  5 green deaths
  A fire dragon (shapeshifter) (Vaults:5)
  Josephine (Orc:1)
  8 jiangshi
  9 fire dragons
  6 deep elf high priests
  8 rakshasas
  12 great orbs of eyes
  2 ghost crabs
  2 hell beasts (WizLab)
  A juggernaut simulacrum (Depths:3)
  16 ice dragons
  40 vault guards
  5 spriggan air magi
  13 centaur warriors
  15 ogre magi
  2 catoblepae
  22 hydras
  8 death knights
  5 alligators
  53 death scarabs
  4 vampire magi
  2 death yaks (Lair:5)
  Erica (Lair:2)
  7 tengu warriors
  5 deep troll earth magi
  A titan zombie (Crypt:3)
  3 hell hogs (Abyss:4)
  2 deep troll shamans
  21 dancing weapons
  6 spriggan berserkers
  18 thrashing horrors
  11 orc high priests
  The ghost of yrara the Basher, a novice GrFi (D:8)
  5 soul eaters
  Nergalle (D:12)
  A hellephant skeleton (Crypt:2)
  10 sun demons
  41 deep elf knights
  3 shadow wraiths
  2 sixfirhies
  5 spatial maelstroms
  A storm dragon zombie (Tomb:1)
  5 wretched stars
  21 skeletal warriors
  A golden dragon zombie (Crypt:3)
  8 hell knights
  A quicksilver dragon simulacrum (Crypt:3)
  A spark wasp zombie (Crypt:2)
  5 glowing orange brains
  2 death drakes
  A shadow dragon zombie (Tomb:3)
  2 shambling mangroves
  15 deep trolls
  A deep troll (shapeshifter) (Vaults:1)
  4 unseen horrors
  18 swamp dragons
  3 anaconda zombies (Crypt:3)
  13 flayed ghosts
  32 deep elf archers
  4 spectral hydras (Swamp:2)
  4 spectral wolf spiders (Spider:4)
  A glowing orange brain (shapeshifter) (Vaults:3)
  9 ironbrand convokers
  6 wizards
  99 deep elf magi
  A lindwurm (shapeshifter) (Vaults:4)
  14 hill giants
  A harpy (shapeshifter) (Vaults:4)
  3 wolf spider zombies
  A shadow dragon skeleton (Crypt:1)
  3 stone giant zombies
  13 orc knights
  29 phantasmal warriors
  20 orb spiders
  4 human zombies
  3 orc sorcerers
  63 ugly things
  6 shining eyes
  A mana viper (shapeshifter) (Abyss:3)
  13 necromancers
  An orb spider (shapeshifter) (Abyss:2)
  2 frost giant zombies
  33 wolf spiders
  2 salamanders
  6 fire giant zombies
  5 moths of wrath
  5 cyclopes
  2 tengu skeletons
  A salamander (shapeshifter) (Vaults:4)
  7 worldbinders
  2 rust devils (Abyss:3)
  A hell hog zombie (Crypt:1)
  2 human skeletons (Vaults:3)
  A dire elephant zombie (Crypt:3)
  4 black mambas
  2 fire giant skeletons
  Maurice (Orc:1)
  5 elephants (Lair:6)
  A water nymph (shapeshifter) (Depths:2)
  19 vault sentinels
  An eye of devastation (Slime:3)
  4 orange demons
  A torpor snail (Lair:4)
  7 smoke demons
  6 centaur zombies
  2 naga magi (D:15)
  An ice statue (IceCv)
  27 spiny frogs
  2 gargoyles
  34 large abominations
  A rime drake (Lair:2)
  21 demonic crawlers
  A green draconian zombie (Crypt:2)
  2 efreet
  A spiny frog (shapeshifter) (Abyss:3)
  3 kobold demonologists
  A yaktaur zombie (Depths:1)
  An alligator snapping turtle skeleton (Crypt:2)
  5 swamp worm zombies (Swamp:2)
  4 hellions
  10 komodo dragons
  22 yaktaurs
  A tormentor (WizLab)
  An elf (Vaults:2)
  3 ice devils
  21 freezing wraiths
  2 spectral redbacks (Spider:4)
  A hellwing (Depths:4)
  A yaktaur (shapeshifter) (Depths:2)
  2 redback zombies (Spider:4)
  47 guardian mummies
  3 meliai (Spider:2)
  A harpy zombie (Crypt:3)
  8 trolls
  2 red devils
  A silent spectre (Abyss:3)
  A jumping spider (shapeshifter) (Vaults:1)
  2 hydra zombies
  5 ancient zymes
  A two-headed ogre (shapeshifter) (Vaults:4)
  A meliai (shapeshifter) (Vaults:5)
  2 tengu conjurers
  8 tyrant leeches
  2 wind drakes (shapeshifter)
  53 jumping spiders
  2 hornets (shapeshifter)
  5 spectral jumping spiders (Spider:4)
  A shadow dragon simulacrum (Abyss:2)
  2 spectral swamp dragons (Swamp:2)
  A wolf spider simulacrum (Abyss:2)
  A slime creature (shapeshifter) (Depths:3)
  15 hornets
  15 polar bears
  A raiju (shapeshifter) (Vaults:2)
  14 bog bodies
  4 jumping spider zombies (Spider:4)
  15 two-headed ogres
  24 blink frogs
  3 ettin zombies
  121 slime creatures
  6 dream sheep (Lair:4)
  2 hippogriffs (shapeshifter)
  11 raiju
  A frost giant simulacrum (Depths:1)
  A meliai zombie (D:15)
  3 spectral tarantellas (Spider:4)
  2 stone giant simulacra
  An ice dragon zombie (Crypt:3)
  11 hippogriffs
  9 air elementals
  A guardian serpent skeleton (Crypt:1)
  46 flying skulls
  113 redbacks
  2 ice dragon skeletons
  12 shadows
  An ettin skeleton (Tomb:3)
  5 spriggans
  15 wraiths
  4 water elementals
  29 ushabtiu
  36 tarantellas
  2 redbacks (shapeshifter)
  A spriggan skeleton (Depths:1)
  2 fire elementals
  72 yaks
  3 humans
  A vampire (D:14)
  4 wyverns
  3 fire dragon skeletons
  8 ynoxinuls
  A basilisk (shapeshifter) (Vaults:3)
  A fire bat (shapeshifter) (D:14)
  A steam dragon (D:9)
  7 basilisks
  5 golden eyes
  4 hogs (Elf:1)
  4 tyrant leech zombies (Swamp:2)
  3 hungry ghosts
  19 vampire mosquitoes
  4 neqoxecs
  3 chaos spawn
  A swamp worm (shapeshifter) (Vaults:3)
  6 mottled dragons
  12 insubstantial wisps
  9 wargs
  16 swamp worms
  A yaktaur simulacrum (Vaults:3)
  7 spatial vortices
  A merfolk skeleton (Crypt:2)
  2 porcupines (shapeshifter)
  16 water moccasins
  A spectral hornet (Spider:4)
  A floating eye (Abyss:3)
  6 spiny frog zombies
  21 swamp drakes
  10 porcupines
  A spiny frog skeleton (Crypt:1)
  7 ice beasts
  36 orc warriors
  An ettin simulacrum (Crypt:3)
  6 sky beasts
  A sky beast (shapeshifter) (Depths:2)
  24 small abominations
  2 swamp dragon zombies
  16 necrophages
  11 boggarts
  63 ogres
  7 eyes of draining
  3 black bears
  14 wolves
  A tengu (shapeshifter) (Vaults:5)
  19 centaurs
  An orc skeleton (Vaults:2)
  14 crocodiles
  4 earth elementals
  A gnoll sergeant (D:8)
  26 bullfrogs
  A glowing shapeshifter simulacrum (Vaults:2)
  A yaktaur skeleton (Crypt:2)
  5 wyvern skeletons (Crypt:3)
  3 troll zombies
  A warg zombie (Crypt:1)
  3 spriggan zombies
  7 scorpions
  A snapping turtle simulacrum (Crypt:2)
  2 human simulacra
  2 yak skeletons (Crypt:1)
  22 wights
  2 howler monkeys (D:13)
  3 electric eels
  10 crimson imps
  4 quasits
  38 starcursed masses
  A bullfrog zombie (D:12)
  4 jellies
  32 orc priests
  9 hounds
  21 orc wizards
  6 iron imps
  3 bullfrog skeletons
  Jessica (D:3)
  7 iguanas
  Terence (D:3)
  Ijyb (D:2)
  11 centaur skeletons
  11 worker ants
  3 polar bear simulacra (Lair:2)
  3 yak simulacra (Lair:2)
  3 wolf simulacra (Lair:2)
  A hound zombie (D:5)
  2 hound skeletons (D:8)
  55 mummies
  A howler monkey zombie (D:7)
  A worker ant zombie (D:9)
  8 gnolls
  A steam dragon zombie (Crypt:2)
  20 adders
  7 shadow imps
  A white imp (Abyss:3)
  3 ufetubi
  An ooze (D:2)
  An adder zombie (D:5)
  4 worms
  4 dart slugs
  A leopard gecko (D:2)
  116 orcs
  5 giant cockroaches
  8 goblins
  5 hobgoblins
  4 jackals (D:5)
  A kobold (shapeshifter) (Vaults:5)
  5 quokkas
  4 ball pythons
  9 bats
  9 frilled lizards
  9 kobolds
  A kobold zombie (Crypt:3)
  11 rats
  A rat skeleton (Crypt:1)
  2 river rat simulacra (Lair:2)
  A butterfly (Lair:3)
  2 crawling corpses (Vaults:5)
  6 fungi
  9 plants
  12 starspawn tentacles
  7 withered plants (Crypt:3)
3400 creatures vanquished.

Vanquished Creatures (collateral kills)
  A golden dragon (Vaults:5)
  An acid blob (Slime:5)
  A shadow dragon (Vaults:5)
  A deep elf mage (Vaults:5)
  An ironbrand convoker (Vaults:5)
  2 yaktaurs (Vaults:5)
7 creatures vanquished.

Vanquished Creatures (others)
  Margery (Vaults:5)
  3 deep elf master archers
  An ancient champion (Tomb:2)
  A deep elf blademaster (Abyss:3)
  2 fire giants
  A mummy priest (Tomb:2)
  2 yaktaur captains
  7 death scarabs (Tomb:2)
  An ogre mage (Vaults:5)
  A vampire mage (Vaults:2)
  A deep elf knight (Abyss:3)
  A deep elf archer (Abyss:4)
  A necromancer (Crypt:1)
  2 deep elf magi
  A wolf spider (Spider:1)
  7 yaktaurs
  A guardian mummy (Tomb:2)
  A hydra zombie (Crypt:2)
  A two-headed ogre (Depths:3)
  3 flying skulls (Tomb:2)
  A spriggan (Depths:2)
  A tarantella (Spider:4)
  5 golden eyes (Abyss:3)
  A centaur (Depths:4)
  2 boggarts
  2 ogres
  2 small abominations (Abyss:3)
  6 mummies (Tomb:2)
  An orc simulacrum (Tomb:2)
  12 fungi
  2 lurking horrors
  39 plants
  9 starspawn tentacles
  7 withered plants
129 creatures vanquished.

Grand Total: 3536 creatures vanquished

Notes
Turn   | Place    | Note
-------+----------+-------------------------------------------
     0 | D:1      | Herrn the Naga Fire Elementalist began the quest for the Orb.
     0 | D:1      | Reached XP level 1. HP: 15/15 MP: 3/3
   193 | D:1      | Reached XP level 2. HP: 24/24 MP: 0/5
   698 | D:1      | Reached skill level 1 in Fighting
   800 | D:1      | Reached XP level 3. HP: 31/31 MP: 6/6
  1321 | D:2      | Reached XP level 4. HP: 38/38 MP: 7/7
  1539 | D:2      | Noticed Ijyb
  1554 | D:2      | Killed Ijyb
  1600 | D:2      | Found an iron altar of Okawaru.
  1610 | D:2      | Became a worshipper of Warmaster Okawaru
  1772 | D:3      | Noticed Jessica
  1797 | D:3      | Killed Jessica
  1797 | D:3      | Reached skill level 2 in Fighting
  1797 | D:3      | Reached XP level 5. HP: 34/45 MP: 5/9
  2064 | D:3      | Noticed an ogre
  2088 | D:3      | Killed an ogre
  2088 | D:3      | Reached XP level 6. HP: 25/52 MP: 10/10
  2438 | D:3      | Noticed Terence
  2447 | D:3      | Killed Terence
  2617 | D:3      | Learned a level 4 spell: Sticky Flame
  2916 | D:4      | Found a burning altar of Makhleb.
  2921 | D:4      | Found a glowing silver altar of Zin.
  2922 | D:4      | Noticed a cacodemon
  2922 | D:4      | Noticed an angel
  3279 | D:4      | Found a snail-covered altar of Cheibriados.
  3308 | D:4      | Reached skill level 1 in Axes
  3308 | D:4      | Reached XP level 7. HP: 57/61 MP: 8/12
  3394 | D:4      | Found a staircase to the Ecumenical Temple.
  3405 | Temple   | Entered the Ecumenical Temple
  3516 | D:4      | Found a blossoming altar of Fedhas.
  3569 | D:5      | Entered Level 5 of the Dungeon
  3582 | D:5      | Reached skill level 1 in Invocations
  3747 | D:5      | Reached * piety under Okawaru
  3747 | D:5      | Reached skill level 3 in Fighting
  3908 | D:5      | Found Acysoo's Book Shoppe.
  4101 | D:5      | Reached skill level 5 in Fire Magic
  4370 | D:5      | Reached XP level 8. HP: 48/69 MP: 12/14
  4703 | D:5      | Noticed a moth of wrath
  4705 | D:5      | Found a bloodstained altar of Trog.
  4899 | D:6      | Found Galesuss's Jewellery Shop.
  5183 | D:6      | Reached ** piety under Okawaru
  5374 | D:6      | Found a radiant altar of Vehumet.
  5418 | D:6      | Found Faessel's General Store.
  5423 | D:6      | Bought a potion of mutation for 37 gold pieces
  5423 | D:6      | Gained mutation: You are partially covered in slimy green scales. (AC +2) [potion of mutation]
  5423 | D:6      | Gained mutation: Your magical capacity is low. (-10% MP) [potion of mutation]
  5493 | D:6      | Gained mutation: You are partially covered in yellow scales. (AC +2) [mutagenic meat]
  5494 | D:6      | Gained mutation: You possess an exceptional clarity of mind. [mutagenic meat]
  5495 | D:6      | Gained mutation: Your muscles are strong. (Str +2) [mutagenic meat]
  5496 | D:6      | Gained mutation: Your mind is acute. (Int +2) [mutagenic meat]
  5595 | D:6      | Found Ecvetuv's General Store.
  5640 | D:6      | Found Xasil's Jewellery Shoppe.
  5709 | D:6      | Reached skill level 4 in Fighting
  5794 | D:6      | Found a white marble altar of Elyvilon.
  5829 | D:6      | Noticed a hornet
  5841 | D:6      | Killed a hornet
  5841 | D:6      | Reached skill level 5 in Spellcasting
  5841 | D:6      | Reached XP level 9. HP: 34/78 MP: 8/15
  6315 | D:6      | Gained mutation: You are agile. (Dex +2) [mutagenic meat]
  6316 | D:6      | Lost mutation: Your mind is acute. (Int +2) [mutagenic meat]
  6318 | D:6      | Gained mutation: Your mind is acute. (Int +2) [mutagenic meat]
  6360 | D:6      | Found a deep blue altar of Sif Muna.
  6507 | D:6      | Reached *** piety under Okawaru
  6858 | D:7      | Reached skill level 5 in Conjurations
  6882 | D:7      | Found Zoadde's Antique Weapon Shoppe.
  7328 | D:7      | Reached **** piety under Okawaru
  7328 | D:7      | Reached skill level 5 in Fighting
  7609 | D:6      | Reached XP level 10. HP: 88/88 MP: 12/17
  7703 | D:8      | Noticed yrara's ghost (novice GrFi)
  8269 | D:8      | Reached skill level 5 in Axes
  8389 | D:8      | HP: 2/88 [yrara's ghost (16)]
  8393 | D:8      | Killed yrara's ghost
  8774 | D:8      | Found Locwizxa's Antique Weapon Shoppe.
  9587 | D:9      | Reached ***** piety under Okawaru
  9593 | D:9      | Reached skill level 6 in Fighting
  9699 | D:9      | Found a shadowy altar of Dithmenos.
  9808 | D:9      | Found a glowing golden altar of the Shining One.
 10270 | D:9      | Reached skill level 1 in Armour
 10378 | D:9      | Found a staircase to the Lair.
 10386 | D:9      | Reached XP level 11. HP: 59/99 MP: 14/20
 10495 | D:9      | Found a shattered altar of Ashenzari.
 10623 | D:10     | Entered Level 10 of the Dungeon
 10898 | D:10     | Noticed a hill giant
 10912 | D:10     | Killed a hill giant
 10912 | D:10     | Received a gift from Okawaru
 11235 | D:10     | Noticed a hill giant
 11247 | D:10     | Killed a hill giant
 11451 | D:11     | Noticed a hill giant
 11461 | D:11     | Killed a hill giant
 11461 | D:11     | Reached skill level 7 in Fighting
 11464 | D:11     | Noticed an unseen horror
 11464 | D:11     | Noticed a hill giant
 11584 | D:11     | Killed an unseen horror
 11584 | D:11     | Received a gift from Okawaru
 11590 | D:11     | Killed a hill giant
 11616 | D:11     | Noticed a centaur warrior
 11625 | D:11     | Killed a centaur warrior
 11719 | D:11     | Reached ****** piety under Okawaru
 11826 | D:11     | Reached XP level 12. HP: 105/109 MP: 21/21
 12189 | D:11     | Found Jatzogg's Serpentskin Sales.
 12343 | D:12     | Noticed Nergalle
 12346 | D:12     | Reached skill level 8 in Fighting
 12363 | D:12     | Received a gift from Okawaru
 12364 | D:12     | Reached skill level 10 in Axes
 12370 | D:12     | Killed Nergalle
 13344 | D:12     | Found a staircase to the Orcish Mines.
 13839 | Lair:1   | Entered Level 1 of the Lair of Beasts
 13847 | Lair:1   | Received a gift from Okawaru
 13996 | Lair:1   | Gained mutation: You can use your snake-like lower body to constrict enemies. [Naga growth]
 13996 | Lair:1   | Reached XP level 13. HP: 84/120 MP: 20/22
 14079 | Lair:1   | Noticed Gastronok
 14354 | Lair:1   | Killed Gastronok
 14354 | Lair:1   | Reached skill level 9 in Fighting
 14866 | Lair:2   | Found a frozen archway.
 14874 | IceCv    | Entered an ice cave
 15546 | IceCv    | Noticed a white draconian
 15567 | IceCv    | Killed a white draconian
 15567 | IceCv    | Reached skill level 5 in Dodging
 16056 | Lair:2   | Received a gift from Okawaru
 16196 | Lair:2   | Noticed Erica
 16201 | Lair:2   | Killed Erica
 16586 | Lair:3   | Got a jewelled flail
 16671 | Lair:3   | Found a staircase to the Swamp.
 16815 | Lair:3   | Identified the +2 flail of Poverty {crush, -Tele rC+++ rN+ Dex+4} (You found it on level 3 of the Lair of Beasts)
 17440 | Lair:4   | Reached XP level 14. HP: 117/130 MP: 23/23
 17495 | Lair:4   | Reached skill level 10 in Fighting
 17585 | Lair:4   | Identified the Catalogue of Shifting Calling
 17775 | Lair:4   | Found a radiant altar of Vehumet.
 17847 | Lair:4   | Found a hole to the Spider Nest.
 18499 | Lair:5   | Received a gift from Okawaru
 18522 | Lair:5   | Noticed minotard's ghost (journeyman MiBe)
 18536 | Lair:5   | Killed minotard's ghost
 18543 | Lair:5   | Noticed Snorg
 18548 | Lair:5   | Killed Snorg
 18548 | Lair:5   | Reached skill level 10 in Conjurations
 18629 | Lair:5   | Found a viscous altar of Jiyva.
 18630 | Lair:5   | Found a staircase to the Slime Pits.
 19349 | Lair:6   | Entered Level 6 of the Lair of Beasts
 19363 | Lair:6   | Received a gift from Okawaru
 19558 | Lair:6   | Reached skill level 15 in Axes
 19726 | Lair:6   | Received a gift from Okawaru
 19730 | Lair:6   | Reached skill level 11 in Fighting
 19737 | Lair:6   | Got an ichor-stained hat {god gift}
 19750 | Lair:6   | Identified the +1 hat "Jinob" {rF++ rCorr Dex+2 SInv} (Okawaru gifted it to you on level 6 of the Lair of Beasts)
 20253 | Lair:6   | Reached XP level 15. HP: 78/141 MP: 22/24
 21042 | Lair:6   | Reached skill level 5 in Armour
 22034 | D:13     | Found a gate to the Vaults.
 22202 | D:14     | Identified a scroll of acquirement
 22450 | D:14     | Received a gift from Okawaru
 22859 | D:15     | Entered Level 15 of the Dungeon
 23507 | D:15     | Found a glowing silver altar of Zin.
 23981 | D:15     | Reached skill level 12 in Fighting
 24203 | D:15     | Found a staircase to the Depths.
 24397 | Orc:1    | Entered Level 1 of the Orcish Mines
 24769 | Orc:2    | Entered Level 2 of the Orcish Mines
 24778 | Orc:2    | Found a staircase to the Elven Halls.
 24987 | Orc:2    | Reached XP level 16. HP: 136/152 MP: 25/25
 25001 | Orc:2    | Received a gift from Okawaru
 25137 | Orc:2    | Found a roughly hewn altar of Beogh.
 25161 | Orc:2    | Found Laobb's Distillery.
 25164 | Orc:2    | Found Qomyck's Book Shop.
 25178 | Orc:2    | Found a roughly hewn altar of Beogh.
 25547 | Orc:2    | Found Cinek's Weapon Shop.
 25547 | Orc:2    | Found Moiryn's Armour Shoppe.
 26048 | Orc:1    | Noticed Josephine
 26053 | Orc:1    | Killed Josephine
 26441 | Orc:1    | Noticed Maurice
 26445 | Orc:1    | Killed Maurice
 26916 | Spider:1 | Entered Level 1 of the Spider Nest
 28091 | Spider:1 | Received a gift from Okawaru
 28131 | Spider:1 | HP: 7/154 [disintegration (39)]
 29917 | Spider:1 | Gained mutation: Your muscles are very strong. (Str +4) [potion of mutation]
 29917 | Spider:1 | Gained mutation: Potions and wands are less effective at restoring your health. [potion of mutation]
 29918 | Spider:1 | Gained mutation: Your spells are a little harder to cast, but a little more powerful. [potion of mutation]
 29918 | Spider:1 | Lost mutation: You are partially covered in slimy green scales. (AC +2) [potion of mutation]
 29918 | Spider:1 | Gained mutation: Your body sometimes deteriorates upon taking damage. [potion of mutation]
 29919 | Spider:1 | Lost mutation: Your magical capacity is low. (-10% MP) [potion of cure mutation]
 29919 | Spider:1 | Lost mutation: Your muscles are very strong. (Str +4) [potion of cure mutation]
 29919 | Spider:1 | Lost mutation: Your body sometimes deteriorates upon taking damage. [potion of cure mutation]
 29919 | Spider:1 | Lost mutation: Your mind is acute. (Int +2) [potion of cure mutation]
 29919 | Spider:1 | Lost mutation: You are agile. (Dex +2) [potion of cure mutation]
 29920 | Spider:1 | Gained mutation: Your muscles are very strong. (Str +4) [potion of mutation]
 29994 | Swamp:1  | Entered Level 1 of the Swamp
 30229 | Swamp:1  | Got a heavily runed marble ring
 30230 | Swamp:1  | Identified the ring "Xupiur" {AC+3 Stlth+} (You found it on level 1 of the Swamp)
 30245 | Swamp:1  | Noticed Roxanne
 30263 | Swamp:1  | Killed Roxanne
 30263 | Swamp:1  | Reached skill level 13 in Fighting
 30273 | Swamp:1  | Learned a level 6 spell: Statue Form
 30279 | Swamp:1  | Learned a level 5 spell: Lightning Bolt
 30791 | Swamp:1  | Reached skill level 1 in Air Magic
 31118 | Swamp:1  | Reached skill level 1 in Earth Magic
 31272 | Swamp:2  | Received a gift from Okawaru
 31283 | Swamp:2  | Got a smoking executioner's axe {god gift}
 31286 | Swamp:2  | Reached skill level 1 in Transmutations
 31288 | Swamp:2  | Identified the +2 executioner's axe of Pride {flame, rElec SInv Stlth-} (Okawaru gifted it to you on level 2 of the Swamp)
 31458 | Swamp:2  | Reached XP level 17. HP: 118/164 MP: 29/29
 32414 | Swamp:2  | Received a gift from Okawaru
 32450 | Swamp:2  | Got a crude hat {god gift}
 32451 | Swamp:2  | Identified the +5 hat of Zarghoat {SInv} (Okawaru gifted it to you on level 2 of the Swamp)
 33300 | Swamp:3  | Lost mutation: Your spells are a little harder to cast, but a little more powerful. [potion of mutation]
 33300 | Swamp:3  | Gained mutation: Your flesh is cold resistant. (rC+) [potion of mutation]
 33300 | Swamp:3  | Gained mutation: You are agile. (Dex +2) [potion of mutation]
 33356 | Swamp:3  | Reached skill level 14 in Fighting
 34123 | Swamp:4  | Entered Level 4 of the Swamp
 34497 | Swamp:4  | Received a gift from Okawaru
 34881 | Swamp:4  | Noticed the 27-headed Lernaean hydra
 34891 | Swamp:4  | Killed the 22-headed Lernaean hydra
 35484 | Swamp:4  | Got a decaying rune of Zot
 35892 | Swamp:4  | Received a gift from Okawaru
 35901 | Swamp:4  | Reached XP level 18. HP: 117/177 MP: 30/30
 36923 | Spider:2 | Received a gift from Okawaru
 36923 | Spider:2 | Reached skill level 15 in Fighting
 39696 | Spider:3 | Reached skill level 5 in Air Magic
 39935 | Spider:3 | Received a gift from Okawaru
 39944 | Spider:3 | Got a transparent plate armour {god gift}
 39953 | Spider:3 | Identified the +1 plate armour "Zomnung" {Int+6 Dex-4} (Okawaru gifted it to you on level 3 of the Spider Nest)
 40788 | Spider:3 | Reached skill level 5 in Earth Magic
 41038 | Spider:3 | Reached skill level 16 in Fighting
 41367 | Spider:4 | Entered Level 4 of the Spider Nest
 41683 | Spider:4 | Noticed Jorgrun
 41698 | Spider:4 | Killed Jorgrun
 41845 | Spider:4 | Reached skill level 5 in Transmutations
 42281 | Spider:4 | Noticed Arachne
 42298 | Spider:4 | Killed Arachne
 43059 | Spider:4 | Reached XP level 19. HP: 139/190 MP: 31/31
 43314 | Spider:4 | Received a gift from Okawaru
 44618 | Spider:4 | Reached skill level 17 in Fighting
 44652 | Spider:4 | Got a gossamer rune of Zot
 45028 | D:6      | Bought an uncursed ring of positive energy for 220 gold pieces
 45182 | Vaults:1 | Entered Level 1 of the Vaults
 45374 | Vaults:1 | Received a gift from Okawaru
 45987 | Vaults:1 | Noticed a tentacled monstrosity
 45994 | Vaults:1 | Killed a tentacled monstrosity
 47056 | Vaults:1 | Received a gift from Okawaru
 47893 | Vaults:2 | Reached XP level 20. HP: 153/204 MP: 32/32
 48324 | Vaults:2 | Reached skill level 18 in Fighting
 48505 | Vaults:2 | Got a wavering tin amulet
 49238 | Vaults:2 | Identified the amulet "Vuusch" {Faith rPois rC+ Str-3 Slay+2} (You took it off a rakshasa on level 2 of the Vaults)
 50131 | Vaults:2 | Received a gift from Okawaru
 51524 | Vaults:2 | Found a staircase to the Crypt.
 52014 | Vaults:3 | Reached skill level 19 in Fighting
 52450 | Vaults:3 | Reached skill level 10 in Armour
 52511 | Vaults:3 | Reached XP level 21. HP: 112/216 MP: 33/33
 52868 | Vaults:3 | Received a gift from Okawaru
 54299 | Vaults:3 | Found Oqetweg's Distillery.
 55172 | Vaults:4 | Reached skill level 20 in Fighting
 55282 | Vaults:4 | Found Geri's Food Boutique.
 57005 | Vaults:4 | Received a gift from Okawaru
 57513 | Vaults:4 | HP: 5/220 [yaktaur captain/bolt (23)]
 58279 | Vaults:4 | Got a heavily runed naga barding {god gift}
 58280 | Vaults:4 | Identified the +2 naga barding of Teprut {+Fly rN+ Int+3 Dex+3} (Okawaru gifted it to you on level 4 of the Vaults)
 58386 | Vaults:4 | Reached XP level 22. HP: 118/230 MP: 32/34
 58869 | Vaults:4 | Reached skill level 21 in Fighting
 58884 | Vaults:4 | Received a gift from Okawaru
 59547 | Vaults:4 | Got a smoking broad axe {god gift}
 59548 | Vaults:4 | Identified the +10 broad axe "Grim" {freeze, *Contam Str+7 Stlth+} (Okawaru gifted it to you on level 4 of the Vaults)
 60031 | Vaults:4 | Reached skill level 1 in Shields
 60408 | Depths:1 | Entered Level 1 of the Depths
 60435 | Depths:1 | Received a gift from Okawaru
 61283 | Depths:1 | Found a gateway to Hell.
 61556 | Depths:2 | Received a gift from Okawaru
 62051 | Depths:2 | Reached skill level 5 in Shields
 62185 | Depths:2 | Received a gift from Okawaru
 62756 | Depths:2 | Found a one-way gate leading to the halls of Pandemonium.
 62902 | Depths:2 | Reached XP level 23. HP: 199/240 MP: 35/35
 62976 | Depths:2 | Found a one-way gate to the infinite horrors of the Abyss.
 63059 | Depths:2 | Reached XP level 24. HP: 249/249 MP: 35/35
 63297 | Depths:3 | Received a gift from Okawaru
 63429 | Depths:3 | Noticed a caustic shrike
 63438 | Depths:3 | Killed a caustic shrike
 63509 | Depths:3 | Noticed a juggernaut
 63514 | Depths:3 | Noticed a caustic shrike
 63520 | Depths:3 | Killed a juggernaut
 63525 | Depths:3 | Killed a caustic shrike
 63853 | Depths:3 | Received a gift from Okawaru
 63867 | Depths:3 | Reached skill level 10 in Dodging
 63890 | Depths:3 | Reached skill level 10 in Shields
 63929 | Depths:3 | Found a gateway to a ziggurat.
 64224 | Depths:4 | Lost mutation: Your muscles are very strong. (Str +4) [potion of mutation]
 64224 | Depths:4 | Gained mutation: Your body sometimes deteriorates upon taking damage. [potion of mutation]
 64225 | Depths:4 | Gained mutation: You are resistant to hostile enchantments. (MR+) [potion of mutation]
 64225 | Depths:4 | Lost mutation: Potions and wands are less effective at restoring your health. [potion of mutation]
 64225 | Depths:4 | Lost mutation: You are resistant to hostile enchantments. (MR+) [potion of mutation]
 64226 | Depths:4 | Lost mutation: Your muscles are strong. (Str +2) [potion of cure mutation]
 64226 | Depths:4 | Lost mutation: Your body sometimes deteriorates upon taking damage. [potion of cure mutation]
 64226 | Depths:4 | Lost mutation: Your flesh is cold resistant. (rC+) [potion of cure mutation]
 64226 | Depths:4 | Lost mutation: You possess an exceptional clarity of mind. [potion of cure mutation]
 64449 | Depths:4 | Gained mutation: Your tail ends in a poisonous barb. [potion of mutation]
 64449 | Depths:4 | Gained mutation: You have an increased reservoir of magic. (+10% MP) [potion of mutation]
 64607 | Depths:4 | Received a gift from Okawaru
 64731 | Depths:4 | Received a gift from Okawaru
 64826 | Depths:4 | Reached skill level 10 in Earth Magic
 65460 | Depths:5 | Entered Level 5 of the Depths
 65579 | Depths:5 | Found a gate to the Realm of Zot.
 65772 | Depths:5 | Received a gift from Okawaru
 65821 | Depths:5 | Reached XP level 25. HP: 208/256 MP: 38/38
 67240 | Elf:1    | Entered Level 1 of the Elven Halls
 67339 | Elf:1    | Noticed Frances
 67349 | Elf:1    | Killed Frances
 67374 | Elf:1    | Identified Naytaevekou's Incunabulum of Arcane Weapons
 67390 | Elf:1    | Learned a level 5 spell: Bolt of Draining
 67583 | Elf:1    | Noticed Kirke
 67596 | Elf:1    | Killed Kirke
 67619 | Elf:1    | Found Aceqiaje's Antique Weapon Emporium.
 68119 | Elf:2    | Received a gift from Okawaru
 68320 | Elf:2    | Got a scintillating copper amulet
 68321 | Elf:2    | Identified the amulet of Moderation {Reflect *Contam rPois Dex+2 SH+3} (You took it off a deep elf archer on level 2 of the Elven Halls)
 68742 | Elf:2    | Found a huge runed gate.
 68742 | Elf:2    | Found a huge runed gate.
 68745 | Elf:2    | Found a huge runed gate.
 68745 | Elf:2    | Found a huge runed gate.
 68749 | Elf:2    | Found a huge runed gate.
 69012 | Elf:2    | Received a gift from Okawaru
 69250 | Elf:3    | Entered Level 3 of the Elven Halls
 69855 | Elf:3    | Reached XP level 26. HP: 218/266 MP: 37/39
 70723 | Elf:3    | Identified the Handbook of Ashen Fire
 70814 | Elf:3    | Got a dazzling plate armour
 70815 | Elf:3    | Identified the +5 plate armour of the Demon Prince {Str+4 Dex+4} (You found it on level 3 of the Elven Halls)
 70867 | Elf:3    | Got a sparkling jade ring
 70869 | Elf:3    | Identified the ring "Amaasi" {+Fly rC+++ MP+9 Int-4 Stlth+} (You found it on level 3 of the Elven Halls)
 70898 | Elf:3    | Gained mutation: You have a considerably increased reservoir of magic. (+20% MP) [potion of mutation]
 70898 | Elf:3    | Gained mutation: You have a greatly increased reservoir of magic. (+30% MP) [potion of mutation]
 70899 | Elf:3    | Gained mutation: You are very agile. (Dex +4) [potion of mutation]
 71335 | Crypt:1  | Entered Level 1 of the Crypt
 71367 | Vaults:2 | Received a gift from Okawaru
 71368 | Vaults:2 | Reached skill level 22 in Fighting
 72020 | Crypt:1  | Found a magical portal.
 72029 | WizLab   | Entered The Hall of the Hellbinder
 72245 | WizLab   | Received a gift from Okawaru
 72276 | WizLab   | Gained mutation: You tend to lose your temper in combat. [a cacodemon]
 72898 | WizLab   | Found a burning altar of Makhleb.
 72932 | WizLab   | Identified the Incunabulum of the Entourage
 72965 | WizLab   | Identified Qisef's Guide on the Entourage
 72972 | WizLab   | Learned a level 1 spell: Summon Butterflies
 73695 | Crypt:3  | Entered Level 3 of the Crypt
 74310 | Crypt:2  | Reached skill level 10 in Transmutations
 74682 | Crypt:3  | Received a gift from Okawaru
 74704 | Crypt:3  | Got a pair of faintly glowing gloves {god gift}
 74710 | Crypt:3  | Identified the +0 pair of gloves of Pragmatism {+Inv rC- Int+10} (Okawaru gifted it to you on level 3 of the Crypt)
 74998 | Crypt:3  | Got a steaming iron amulet
 74999 | Crypt:3  | Identified the amulet "Batetay" {Gourm Int-2 Dex+7} (You found it on level 3 of the Crypt)
 75038 | Crypt:3  | Reached skill level 10 in Spellcasting
 75442 | Crypt:3  | Reached XP level 27. HP: 272/279 MP: 48/48
 76129 | Crypt:3  | Got a bound zirconium amulet
 76152 | Crypt:3  | Reached skill level 23 in Fighting
 76341 | Crypt:3  | Got an ancient scale mail
 76352 | Crypt:3  | Identified the +3 scale mail "Puifuvif" {rF+} (You took it off a death knight on level 3 of the Crypt)
 76592 | Crypt:3  | Found a basalt altar of Yredelemnul.
 76625 | Crypt:3  | Received a gift from Okawaru
 76804 | Crypt:3  | Found a staircase to the Tomb.
 77111 | Crypt:3  | Upgraded the game from 0.20-a0-121-g18cc4de to 0.20-a0-151-g755e310
 77282 | Tomb:1   | Entered Level 1 of the Tomb of the Ancients
 78167 | Tomb:1   | Noticed a greater mummy
 78276 | Tomb:1   | Killed a greater mummy
 78286 | Tomb:1   | Noticed a greater mummy
 78298 | Tomb:1   | Killed a greater mummy
 79255 | Tomb:1   | Got a tattered robe
 79274 | Tomb:1   | Identified the Grimoire of Displaced Venom
 79589 | Tomb:2   | Noticed a greater mummy
 79590 | Tomb:2   | Noticed a greater mummy
 79590 | Tomb:2   | Received a gift from Okawaru
 79592 | Tomb:2   | Noticed a greater mummy
 79593 | Tomb:2   | Noticed a greater mummy
 79609 | Tomb:1   | Killed a greater mummy
 79907 | Tomb:1   | Killed a greater mummy
 80063 | Tomb:1   | Killed a greater mummy
 80178 | Tomb:2   | Killed a greater mummy
 80180 | Tomb:2   | Got a crystal war axe {god gift}
 80841 | Tomb:1   | Noticed a greater mummy
 80845 | Tomb:1   | Noticed a greater mummy
 80847 | Tomb:1   | Killed a greater mummy
 80847 | Tomb:1   | Received a gift from Okawaru
 80848 | Tomb:1   | Noticed a greater mummy
 80854 | Tomb:1   | Killed a greater mummy
 81120 | Tomb:1   | Killed a greater mummy
 81164 | Tomb:1   | Noticed a greater mummy
 81173 | Tomb:1   | Killed a greater mummy
 81266 | Tomb:1   | Noticed a greater mummy
 81278 | Tomb:1   | Killed a greater mummy
 81323 | Tomb:1   | Noticed a greater mummy
 81335 | Tomb:1   | Killed a greater mummy
 81465 | Tomb:1   | Noticed a greater mummy
 81474 | Tomb:1   | Noticed a greater mummy
 81958 | Tomb:1   | Killed a greater mummy
 81958 | Tomb:1   | Received a gift from Okawaru
 82065 | Tomb:1   | Noticed a greater mummy
 82073 | Tomb:1   | Killed a greater mummy
 82081 | Tomb:1   | Killed a greater mummy
 82331 | Tomb:1   | Noticed a greater mummy
 82339 | Tomb:1   | Killed a greater mummy
 82339 | Tomb:1   | Reached skill level 10 in Air Magic
 82353 | Tomb:1   | Noticed a greater mummy
 82363 | Tomb:1   | Noticed a greater mummy
 82365 | Tomb:1   | Noticed a greater mummy
 82365 | Tomb:1   | Killed a greater mummy
 82368 | Tomb:1   | Noticed a greater mummy
 82917 | Tomb:1   | Noticed a greater mummy
 82936 | Tomb:1   | Killed a greater mummy
 83035 | Tomb:1   | Killed a greater mummy
 83035 | Tomb:1   | Received a gift from Okawaru
 83294 | Tomb:1   | Noticed a greater mummy
 83303 | Tomb:1   | Killed a greater mummy
 83315 | Tomb:1   | Killed a greater mummy
 83560 | Tomb:1   | Identified the amulet "Jagi" {Faith rC+ Str-4 Int+5} (You took it off a necromancer on level 3 of the Crypt)
 83611 | Tomb:1   | Noticed a greater mummy
 83613 | Tomb:1   | Noticed a greater mummy
 83615 | Tomb:1   | Noticed a greater mummy
 83620 | Tomb:1   | Killed a greater mummy
 84111 | Tomb:1   | Killed a greater mummy
 84406 | Tomb:1   | Killed a greater mummy
 84481 | Tomb:1   | Killed a greater mummy
 84481 | Tomb:1   | Reached skill level 15 in Earth Magic
 84621 | Tomb:2   | Got a shimmering zirconium amulet
 84878 | Tomb:3   | Entered Level 3 of the Tomb of the Ancients
 84893 | Tomb:3   | Noticed a greater mummy
 84893 | Tomb:3   | Noticed a greater mummy
 85382 | Tomb:2   | Killed a greater mummy
 85798 | Tomb:3   | Noticed a greater mummy
 85809 | Tomb:2   | Killed a greater mummy
 86137 | Tomb:3   | Noticed a greater mummy
 86146 | Tomb:2   | Killed a greater mummy
 86146 | Tomb:2   | Received a gift from Okawaru
 86149 | Tomb:2   | Got a slimy broad axe {god gift}
 86424 | Tomb:2   | Killed a greater mummy
 87050 | Tomb:3   | Noticed a greater mummy
 87062 | Tomb:3   | Killed a greater mummy
 87292 | Tomb:3   | Noticed a greater mummy
 87304 | Tomb:3   | Killed a greater mummy
 87393 | Tomb:3   | Identified the amulet "Oddidyh" {rN++ MR+ Regen+ Int-2 Dex+3} (You acquired it on level 2 of the Tomb of the Ancients)
 87410 | Tomb:3   | Identified the +4 broad axe "Gupseurgh" {flame, MR+ Str+3 Int+4} (Okawaru gifted it to you on level 2 of the Tomb of the Ancients)
 87464 | Tomb:3   | Got a bronze chain mail
 87491 | Tomb:3   | Got a shimmering steel ring
 87503 | Tomb:3   | Identified the +5 chain mail of Cuhannig {+Inv Regen+ Int-5 Dex+7} (You found it on level 3 of the Tomb of the Ancients)
 87514 | Tomb:3   | Identified the ring of Xom's Whimsicality {rCorr +Inv Str+3} (You found it on level 3 of the Tomb of the Ancients)
 87526 | Tomb:3   | Got a scorched pewter ring
 87528 | Tomb:3   | Identified the ring "Tiettui" {Str+2 Dex+3 Slay+3} (You found it on level 3 of the Tomb of the Ancients)
 87531 | Tomb:3   | Identified the Grimoire of the Gliding Escort
 87707 | Tomb:3   | Noticed a greater mummy
 88151 | Tomb:3   | Noticed a greater mummy
 88166 | Tomb:3   | Killed a greater mummy
 88203 | Tomb:3   | Got a golden rune of Zot
 88287 | Tomb:3   | Noticed a greater mummy
 88296 | Tomb:3   | Killed a greater mummy
 89255 | Temple   | Fell from the grace of Okawaru
 89255 | Temple   | Became a worshipper of Gozag Ym Sagoz the Greedy
 89275 | D:4      | Bought a shimmering leather armour for 280 gold pieces
 89277 | D:4      | Bought the +2 hat of the Bear Spirit {Spirit, +Rage rN+ MR++} for 899 gold pieces
 89285 | D:4      | Bought a scroll of summoning for 380 gold pieces
 89316 | D:4      | Identified the +1 leather armour of Freedom {+Blink Int+4} (You bought it in a shop on level 4 of the Dungeon)
 89557 | D:4      | Fell from the grace of Gozag
 89557 | D:4      | Became a worshipper of Zin the Law-Giver
 89557 | D:4      | Reached * piety under Zin
 89557 | D:4      | Reached ** piety under Zin
 89558 | D:4      | Donated 388 gold pieces to Zin
 89559 | D:4      | Donated 194 gold pieces to Zin
 89560 | D:4      | Donated 97 gold pieces to Zin
 89561 | D:4      | Donated 48 gold pieces to Zin
 89613 | D:4      | Reached *** piety under Zin
 89860 | Depths:2 | Voluntarily entered the Abyss.
 90304 | Abyss:2  | Found a corrupted altar of Lugonu.
 90321 | Abyss:2  | Reached **** piety under Zin
 90425 | Abyss:2  | Got a spiked naga barding
 90449 | Abyss:2  | Reached skill level 5 in Invocations
 90502 | Abyss:2  | Noticed an ancient lich
 90520 | Abyss:2  | Killed an ancient lich
 90656 | Abyss:2  | Found a corrupted altar of Lugonu.
 91032 | Abyss:2  | Reached ***** piety under Zin
 91199 | Abyss:3  | Got an ichor-stained ring mail
 92068 | Abyss:3  | Got an abyssal rune of Zot
 92276 | Abyss:3  | Reached skill level 1 in Necromancy
 92367 | Abyss:4  | Found a corrupted altar of Lugonu.
 92588 | Abyss:4  | Reached ****** piety under Zin
 92834 | Abyss:4  | Found a corrupted altar of Lugonu.
 92844 | Depths:2 | Escaped the Abyss
 92963 | Depths:2 | Identified the +5 ring mail of Love and Death {Int+4} (You found it on level 3 of the Abyss)
 92974 | Depths:2 | Identified the +0 naga barding of Lefa {rC+ MP-9 Dex+2} (You acquired it on level 2 of the Abyss)
 93490 | Vaults:5 | Entered Level 5 of the Vaults
 93695 | Vaults:4 | Reached skill level 5 in Necromancy
 94342 | Vaults:4 | Was forgiven by Okawaru
 94652 | Vaults:5 | Reached skill level 10 in Invocations
 94833 | Vaults:5 | Noticed Margery
 94845 | Vaults:5 | Killed Margery
 95541 | Vaults:5 | Got a jewelled cloak
 95552 | Vaults:5 | Identified the cursed +0 cloak of Ibbor {Str-4 Int+6} (You found it on level 5 of the Vaults)
 95829 | Vaults:5 | Got a pitted ring mail
 95881 | Vaults:5 | Got a clouded amethyst amulet
 95882 | Vaults:5 | Identified the amulet of Jach {Spirit rC- Str-2 Int+5 Stlth+} (You took it off a vault warden on level 5 of the Vaults)
 95948 | Vaults:5 | Got a silver rune of Zot
 96179 | Vaults:5 | Noticed an ancient lich
 96190 | Vaults:5 | Killed an ancient lich
 96190 | Vaults:5 | Was forgiven by Gozag
 96300 | Vaults:5 | Identified Ute Iteu's Collected Works on Execration
 96319 | Vaults:5 | Identified the Compendium of Combat Magic and Heat
 96320 | Vaults:5 | Identified the cursed +1 ring mail of Teokuuj {Dex+4} (You found it on level 5 of the Vaults)
 96513 | Vaults:5 | Lost mutation: Your tail ends in a poisonous barb. [potion of cure mutation]
 96513 | Vaults:5 | Lost mutation: You tend to lose your temper in combat. [potion of cure mutation]
 96872 | Slime:1  | Entered Level 1 of the Pits of Slime
 97688 | Slime:5  | Entered Level 5 of the Pits of Slime
 98036 | Slime:3  | Learned a level 9 spell: Shatter
 99451 | Slime:5  | Noticed the Royal Jelly
 99472 | Slime:5  | HP: 21/423 [acid[the Royal Jelly] (5)]
 99472 | Slime:5  | HP: 9/423 [acid[the Royal Jelly] (5)]
 99474 | Slime:5  | HP: 3/423 [acid (3)]
 99474 | Slime:5  | Killed from afar by an acid blob

Vault maps used:
D:1:      arrival_zaba_pyramid, kennysheep_boxes
D:2:      okawaru_gym_becter, uniq_iyjb, uniq_terence
D:3:      first_bread, uniq_jessica
D:4:      grunt_temple_overflow_order_and_chaos_2, old_standard_altar,
          fedhas_altar_fruit_tree
D:5:      tgw_trog, serial_shops, shop, roderic_curled_sauvastika
D:6:      nicolae_overflow_crystal_walls, old_standard_altar,
          overflow_temple_1_default, serial_shops, nicolae_shop_waterfront,
          nicolae_shop_trees, nicolae_shop_statue_plus, kennysheep_little_box,
          kennysheep_diamond
D:7:      serial_shops, nicolae_shop_trees
D:8:      serial_shops, nicolae_shop_waterfront
D:9:      tso_metal_star, ashenzari_altar_1, marbit_many_paths, erik_lair_dragon
D:11:     grunt_pizzeria, guppyfry_shop_venom
D:12:     erik_orc_1, kennysheep_generic_room_10, uniq_nergalle
D:13:     david_vaults_5
D:14:     lemuel_flame_loot_2, serial_park_square3
D:15:     grunt_enter_depths_magical_seal, basic_altar
Temple:   eino_wide_crystal_templ
Lair:1:   grunt_forest_large_clearing_hut, infiniplex_staircase_pool_2,
          uniq_gastronok
Lair:2:   portal_ice_cave_entry_pillars_1, eino_house_with_fridge,
          serial_bayou_shore_a, uniq_erica
Lair:3:   swamp_mist, grunt_megastairs_3, lemuel_fruit_fields
Lair:4:   nicolae_spider_entry_orb_guardian, basic_altar,
          grunt_forest_small_clearings, kennysheep_basilisk_garden
Lair:5:   slime_altar_1, beast_lair_carwin_8, uniq_snorg
Lair:6:   minmay_lair_end_frog_pond
Swamp:1:  hangedman_swamp_ruin_wall, uniq_roxanne
Swamp:2:  cheibrodos_swamp_mausoleum, evilmike_swamp_ruin_rubble_1, swamp_pool5
Swamp:3:  evilmike_swamp_ruin_rubble_2
Swamp:4:  swamp_old_school
Spider:4: floodkiller_spider_rune_tomb, uniq_arachne, uniq_jorgrun
Orc:1:    uniq_maurice, uniq_josephine
Orc:2:    st_orc_town, basic_altar
Elf:1:    kennysheep_spiral_hall, serial_shops, nicolae_shop_window_shopping,
          minmay_elf_annihilation, lemuel_flamethrower_2, uniq_kirke,
          uniq_frances
Elf:2:    basic_stair_grate_trap
Elf:3:    elf_hall
Vaults:1: v_misc_4, vaults_dpeg_doors, st_octagons_2,
          hangedman_vaults_variations, v_misc_12
Vaults:2: hangedman_vaults_nails, nicolae_vaults_bisected_slash,
          minmay_crypt_entry_simple_statues, nicolae_vaults_holding_cells,
          vaults_room_door_ring, v_misc_3, v_misc_32, hangedman_vaults_capsules,
          nicolae_vaults_little_squares_4, vaults_room_pools, v_misc_13,
          vaults_room_grunt_arrival_ludios
Vaults:3: vaults_room_fancy_cross, nicolae_vaults_border_crossing, st_star,
          nicolae_vaults_windows_and_doors_thing, nicolae_vaults_hallways_thing,
          v_rooms_4, ontoclasm_vaults_decontamination,
          nicolae_vaults_mini_display_case, v_misc_18,
          hangedman_vaults_restitches, vaults_dpeg_hooks,
          nicolae_vaults_diagonal_hallway_7, vaults_room_hallway, serial_shops,
          nicolae_shop_trees
Vaults:4: nicolae_vaults_alarming, v_misc_11, st_greater_box_2,
          nicolae_vaults_ninety_degrees, vaults_mumra_minichess,
          vaults_mumra_lcd, ontoclasm_vaults_twist, hangedman_vaults_hat,
          vaults_dpeg_ring, vaults_room_stairs_pillars, ontoclasm_vaults_idyll,
          serial_shops, nicolae_shop_trees
Vaults:5: uniq_margery
Crypt:1:  mu_enter_wizlab_5
Crypt:2:  grunt_megastairs_2
Crypt:3:  evilmike_haunted_forest
Depths:1: kennysheep_big_empty_room, lightli_too_deep, lemuel_old_faithful
Depths:2: kennysheep_room_grid, abyss_entry_crystal, rand_demon_pan_entry_1,
          kennysheep_doodads, pf_coc_iceberg, onia_ninara_dug_in_and_dangerous
Depths:3: minmay_sliced_demisemicircle, enter_ziggurat_e,
          grunt_pan_entry_in_and_out, grunt_hell_entry_dis_mu,
          minmay_misc_feat_five, infiniplex_staircase_pool_lava, firewood_loft
Depths:4: kennysheep_six_static_rooms, hell_entry, hangedman_abyss_entry_splay,
          grunt_pan_entry_spiral, lemuel_flamethrower_1
Depths:5: grunt_zot_entry_funnels, hell_entry, minmay_misc_feat_roman
Abyss:2:  hangedman_eye_storm, minivault_4
Abyss:3:  hangedman_stitches_earthworm, nicolae_abyss_rune_star_stuff
Abyss:4:  hangedman_eye_storm, evilmike_abyss_exit_8
IceCv:    ice_cave_small_giant
WizLab:   wizlab_demon

Skill      XL: |  1  2  3  4  5  6  7  8  9 10 11 12 13 14 15 16 17 18 19 20 21 22 23 24 25 26 27 |
---------------+----------------------------------------------------------------------------------+-----
Fighting       | 1 2 3 4 5 6 7 8 9 11 12 13 14 16 17 19 20 21 22 23 | 23.2
Fire Magic     | 4 5 6 |  6.0
Spellcasting   | 3 4 5 6 7 8 10 14 | 14.0
Dodging        | 2 3 4 5 6 7 8 9 10 11 14 | 14.0
Conjurations   | 2 3 4 5 7 8 9 10 11 12 | 12.0
Axes           | 1 2 3 4 6 8 11 13 15 17 18 | 18.0
Invocations    | 2 4 14 | 14.7
Armour         | 1 2 3 4 5 6 7 8 9 10 11 12 13 14 | 14.0
Air Magic      | 1 4 5 7 8 14 | 14.5
Earth Magic    | 1 3 5 7 8 10 11 12 18 | 18.1
Transmutations | 1 3 5 6 7 8 10 14 | 14.0
Shields        | 7 8 11 13 14 | 14.3
Necromancy     | 9 |  9.0
Maces & Flails | |  0.6
Stealth        | |  3.0

Action                   |  1- 3 |  4- 6 |  7- 9 | 10-12 | 13-15 | 16-18 | 19-21 | 22-24 | 25-27 || total
-------------------------+-------+-------+-------+-------+-------+-------+-------+-------+-------++-------
Melee: Mace              |       |     1 |    16 |       |       |       |       |       |       ||    17
       Morningstar       |       |       |    34 |    46 |    40 |       |       |       |       ||   120
       Punch             |       |       |       |     1 |       |     1 |       |       |       ||     2
       Battleaxe         |       |       |       |    45 |       |       |       |       |       ||    45
       Executioner's axe |       |       |       |   203 |   781 |  1231 |  1269 |    76 |       ||  3560
       Constrict         |       |       |       |       |   193 |   247 |   221 |   123 |   591 ||  1375
       Eveningstar       |       |       |       |       |     9 |    37 |       |       |       ||    46
       Broad axe         |       |       |       |       |       |   114 |       |   862 |  4204 ||  5180
       Tailslap          |       |       |       |       |       |       |       |    61 |  1004 ||  1065
 Cast: Flame Tongue      |    27 |    77 |   220 |   223 |     7 |       |     3 |     9 |     2 ||   568
       Sticky Flame      |       |       |       |    31 |     9 |       |       |     1 |       ||    41
       Statue Form       |       |       |       |       |       |       |       |       |    73 ||    73
Invok: Heroism           |       |       |     1 |    12 |    24 |    26 |    39 |    18 |    17 ||   137
       Finesse           |       |       |       |       |       |     1 |       |       |       ||     1
       Vitalisation      |       |       |       |       |       |       |       |       |    16 ||    16
       Donate Gold       |       |       |       |       |       |       |       |       |     4 ||     4
       Call Merchant     |       |       |       |       |       |       |       |       |     4 ||     4
 Abil: Spit Poison       |    37 |    48 |    43 |    58 |     7 |       |     2 |     2 |     1 ||   198
       End Transformatio |       |       |       |       |       |       |       |       |     4 ||     4
Evoke: Wand              |       |       |     1 |     1 |     4 |     2 |     4 |     2 |    13 ||    27
  Use: Scroll            |       |     4 |    13 |     7 |     6 |    15 |    15 |    18 |    46 ||   124
       Potion            |       |       |     3 |     4 |     8 |    15 |    14 |     7 |    13 ||    64
 Stab: Sleeping          |       |       |     1 |     5 |     4 |       |       |       |     8 ||    18
       Distracted        |       |       |       |     1 |     1 |     1 |     1 |     2 |    15 ||    21
       Petrified         |       |       |       |       |       |       |     1 |       |       ||     1
       Confused          |       |       |       |       |       |       |       |       |     1 ||     1
  Eat: Chunk             |     3 |     8 |    22 |    21 |    25 |    14 |    13 |     7 |     9 ||   122
       Fruit             |       |       |     1 |     4 |     6 |    38 |       |     3 |     3 ||    55
       Beef jerky        |       |       |       |     1 |     1 |       |     5 |     6 |     5 ||    18
       Royal jelly       |       |       |       |       |     1 |       |     2 |       |     3 ||     6
       Pizza             |       |       |       |       |       |       |     9 |     1 |     2 ||    12
       Meat ration       |       |       |       |       |       |       |       |       |    19 ||    19
Armor: Robe              |     2 |     7 |    82 |    33 |       |       |       |       |       ||   124
       Troll leather arm |       |       |       |   168 |       |       |       |       |       ||   168
       Ice dragon scales |       |       |       |       |   672 |  1574 |  1024 |   383 |  1184 ||  4837
       Skin              |       |       |       |       |       |       |       |       |   415 ||   415
Dodge: Dodged            |    11 |    31 |   100 |   327 |   442 |  1235 |   727 |   324 |  2206 ||  5403
Block: Shield            |       |       |       |       |       |    60 |       |   533 |  3594 ||  4187
       Reflection        |       |       |       |       |       |       |       |    36 |   127 ||   163
